[Event "5th Baskent University Open 2022"]
[Site "Ankara"]
[Date "2022.07.06"]
[Round "7.11"]
[White "Unat, Can Haktan"]
[Black "Ozturk, Efe Hakan"]
[Result "1-0"]
[ECO "B42"]
[WhiteElo "2242"]
[BlackElo "2115"]
[Annotator "TA"]
[PlyCount "93"]
[EventDate "2022.07.02"]
[EventType "swiss"]
[EventCountry "TUR"]
[SourceTitle "playchess.com"]
[Source "ChessBase"]
[SourceQuality "1"]
[TimeControl "5400+30"]

1. e4 c5 2. Nf3 e6 3. d4 cxd4 4. Nxd4 a6 5. Bd3 Ne7 6. O-O Nbc6 7. Nxc6 Nxc6 8. c4 {[%emt 0:00:00] B42: Sicilian: Kan Variation: 5 Bd3.} d6 9. Nc3 Be7 10. Be3 {[%emt 0:04:30] White is better.} O-O 11. Qd2 {[%emt 0:00:30] White is more active.} Ne5 12. Be2 {[%emt 0:05:30] [#]} Qc7 $146 ({Predecessor:} 12... Bd7 13. f4 Ng6 14. Rfd1 Bc6 15. Rac1 Qb8 16. a4 Bf6 17. Qxd6 Bxc3 18. Rxc3 Bxe4 19. Qxb8 Rfxb8 {½-½ (39) Arun,K (2277)-Gusain,H (2108) Nagpur 2008}) 13. Rac1 b6 14. f4 Nd7 15. Rfd1 Rd8 16. Bf3 Bb7 17. b4 Rac8 18. Na4 Bc6 19. b5 Bb7 20. Qf2 Nc5 21. Nxc5 dxc5 22. a4 axb5 23. axb5 e5 24. f5 Rxd1+ 25. Rxd1 Rd8 26. Rf1 Qd7 27. Qg3 f6 {[%emt 0:00:55] And now ...Qd3 would win.} 28. Rd1 {[%emt 0:00:30] Prevents Qd3.} Qc8 29. Ra1 Qc7 30. h4 Ra8 31. Re1 Ra4 32. Rc1 Ra3 33. Qe1 Qd8 34. Rc3 (34. Rd1 $5 Qc8 35. Bc1 $11) 34... Rxc3 35. Qxc3 Qa8 36. Qd3 Qd8 {[%emt 0:00:01] Inhibits Qd7.} 37. Qc2 Qa8 38. g4 h6 39. Kf2 Kf8 40. Kg3 Bd6 41. g5 hxg5 42. hxg5 {[%emt 0:00:31] aiming for Qh2.} Ke7 {[%emt 0:00:58] [#]} (42... Qa3 $11 43. Bd2 Ke7) 43. Qh2 $1 $16 {[%emt 0:01:07] Black must now prevent Qh7.} Qg8 {[%emt 0:00:13] [#] Against Qh7} (43... Bxe4 $2 44. gxf6+ gxf6 45. Qh7+ Ke8 46. Qg8+ Kd7 47. Qxa8 $18) 44. Qh5 (44. g6 $1 $16) 44... Qxc4 $2 (44... Kd7 $14) 45. Qh7 $18 {[%emt 0:00:30] White wants to mate with gxf6+.} Kf8 46. Bh5 $2 ({White must play} 46. gxf6 $18 Qg8 47. Qg6) 46... fxg5 $2 (46... Qb3 $11 47. Kf3 (47. Qh8+ Qg8 $17) 47... Qd1+ 48. Kg3 Qb3) 47. Qg6 {[%emt 0:00:50] Weighted Error Value: White=0.24 (precise) /Black=0.26 (precise)} 1-0

[Event "5th Baskent University Open 2022"]
[Site "Ankara"]
[Date "2022.07.06"]
[Round "7.12"]
[White "Altun, Arda"]
[Black "Bekiragaoglu, Umut"]
[Result "0-1"]
[ECO "B94"]
[WhiteElo "2213"]
[BlackElo "2067"]
[Annotator "TA"]
[PlyCount "104"]
[EventDate "2022.07.02"]
[EventType "swiss"]
[EventCountry "TUR"]
[SourceTitle "playchess.com"]
[Source "ChessBase"]
[SourceQuality "1"]
[TimeControl "5400+30"]

1. e4 c5 2. Nf3 d6 3. d4 cxd4 4. Nxd4 Nf6 5. Nc3 a6 6. Bg5 Nbd7 7. Qe2 {[%emt 0:00:00] 7.Qe2 is setting a new trend. B94: Sicilian Najdorf: 6 Bg5 Nbd7.} h6 8. Bh4 g6 9. O-O-O {[%emt 0:00:00] White is slightly better.} e5 10. Nb3 Be7 11. Qd2 b5 12. a3 Bb7 13. Bd3 Kf8 14. Kb1 Kg7 15. f4 exf4 16. Bf2 {[%emt 0:00:30] [#]} Ne5 $146 ({Predecessor:} 16... Ng4 17. Bd4+ Bf6 18. Qxf4 Bxd4 19. Nxd4 Nde5 20. h3 Qf6 21. Qd2 Nxd3 22. cxd3 Qxd4 23. hxg4 {1-0 (39) Durarbayli,V (2630)-Li,R (2564) Saint Louis 2017}) 17. Qxf4 Qc7 18. Rhf1 Bc8 (18... Nh5 $14 19. Qd2 Nf6) 19. Nd5 (19. Bd4 $16 {aiming for Nd5.} Kh7 20. Be2) 19... Nxd5 $14 20. exd5 {[%emt 0:00:00] Strongly threatening Bd4.} f5 21. Bd4 Rf8 22. h3 Bd7 23. Nc5 Bg5 (23... Bf6 $1 $14 24. Nxd7 Qxd7) 24. Qg3 $16 Kh7 (24... Rae8 $16) 25. Nxd7 Qxd7 26. h4 $1 (26. Bxe5 $6 dxe5 27. Qxe5 Rad8 $16) 26... Nxd3 27. hxg5 Nc5 $2 (27... Ne5 {is more resistant.} 28. Rfe1 (28. Bxe5 dxe5 29. Qxe5 Rfe8 $18) 28... f4) 28. Rh1 $18 h5 29. Qf3 {[%emt 0:04:09][%cal Oh1h5] White threatens Rxh5+! and mate.} Kg8 {[%emt 0:06:46] [#]} (29... Qe8 $142 30. Rde1 Qf7) 30. Rxh5 $1 gxh5 31. Rh1 $1 ({But not} 31. Qxh5 $2 Qh7 32. g4 Qxh5 33. gxh5 f4 $19) 31... Kf7 32. Bf6 $2 (32. b4 $18) 32... Rh8 33. Rxh5 {[%emt 0:00:30] [#]} (33. Bxh8 $11 Rxh8 34. Rxh5) 33... Ne4 $1 $17 34. Qh3 {[%emt 0:04:42] [#] White wants to mate with Rh7+.} Nxf6 35. Rxh8 Rxh8 36. Qxh8 {[%emt 0:00:00] [#]} Ne8 ({Don't play} 36... Nxd5 $6 37. g6+ Kxg6 38. Qg8+ Qg7 39. Qxd5 $11) 37. Qh6 {[%emt 0:01:26] [#]} (37. Qh7+ $17 Ng7 38. b3) 37... Qe7 (37... Kg8 $1 $19 {has better winning chances. White must now prevent ...Qf7.} 38. Qg6+ Kf8) 38. Qh7+ Ng7 39. g6+ Ke8 40. Qh8+ Qf8 41. Qh6 ({White should play} 41. Qh4) 41... f4 42. Qh3 Ke7 43. Qc3 (43. Qh2 $17) 43... Nf5 $19 44. Qe1+ $2 (44. Qf3 Qh6 45. g4 (45. Qe4+ $2 Kf6 $19)) 44... Kf6 {[%emt 0:00:26] Black is clearly winning.} 45. Qf2 Qh6 46. Qb6 Qxg6 47. Qd8+ Ke5 48. Qh8+ Kxd5 {[%emt 0:00:26] And now ...Ne3 would win.} 49. Qa8+ Ke5 50. Qh8+ Ke4 51. Qa8+ d5 {[%emt 0:00:20] Threatens to win with ...Ne3.} 52. Qc8 Ne3 {[%emt 0:00:30] Weighted Error Value: White=0.53/Black=0.31} 0-1

[Event "5th Baskent University Open 2022"]
[Site "Ankara"]
[Date "2022.07.06"]
[Round "7.13"]
[White "Yildirim, Ibrahim Halil"]
[Black "Khoder, Akram"]
[Result "1/2-1/2"]
[ECO "B31"]
[WhiteElo "2106"]
[BlackElo "2038"]
[Annotator "TA"]
[PlyCount "73"]
[EventDate "2022.07.02"]
[EventType "swiss"]
[EventCountry "TUR"]
[SourceTitle "playchess.com"]
[Source "ChessBase"]
[SourceQuality "1"]
[TimeControl "5400+30"]

1. e4 c5 2. Nf3 Nc6 3. Bb5 g6 4. O-O Bg7 5. c3 e5 6. d4 cxd4 7. cxd4 exd4 8. Bf4 Nge7 9. Bd6 {[%emt 0:06:00][%mdl 1024] White has compensation.} a6 {[%emt 0:00:30] B31: Sicilian: 2...Nc6 3 Bb5 g6.} 10. Bd3 b5 {[%emt 0:12:30] [#]} (10... b6 $11 {keeps the balance.}) 11. a4 $146 ({Predecessor:} 11. Nbd2 Bb7 12. e5 O-O 13. Ne4 Re8 14. Nc5 Ra7 15. a4 bxa4 16. Ng5 Nf5 17. Bxf5 Qxg5 {1-0 (32) Pruijssers,R (2557)-Podlesnik,B (2342) Budva 2019}) 11... b4 {[%emt 0:06:30] White is better.} 12. a5 (12. Nbd2 $16) 12... Nxa5 $14 13. Bxb4 {[%emt 0:03:30] White is much more active. The black rooks are badly placed.} (13. Qc1 $14 Nb3 14. Bc7 Nxc1 15. Rxc1) 13... Nec6 $11 14. Ba3 Rb8 15. Nbd2 Nb4 16. Nc4 Nxc4 17. Bxc4 O-O 18. Nxd4 Qb6 19. Nf3 a5 20. e5 Bb7 21. Re1 Rbe8 22. Bxb4 Qxb4 23. Bd5 (23. Qxd7 {feels hotter.} Re7 24. Qd4 Bxf3 25. gxf3 Rxe5 26. Rxe5 Bxe5 27. Qxe5 Qxc4 28. Rxa5 Qe6 29. b4) 23... Bc6 24. Bxc6 dxc6 25. Qa4 Qxb2 26. Qxa5 Qb5 27. Qxb5 cxb5 28. Rab1 Rb8 29. Nd4 Rfc8 30. f4 (30. Nxb5 $11 Rc5 31. e6 fxe6 32. Nd6 Rxb1 33. Rxb1) 30... Rc4 (30... b4 $5 ) 31. Ne2 (31. Rxb5 $11 Rxb5 32. Nxb5) 31... b4 32. Rb3 Bf8 33. Kf2 Ra8 34. Reb1 ({Better is} 34. Rc1 $1 $11 Rxc1 35. Nxc1) 34... Ra2 {[%emt 0:00:30] [#] Hoping for ...Rxf4+.} 35. R1b2 Ra1 36. Rb1 Ra2 {[%emt 0:00:07] White must now prevent ...Rxf4+.} 37. R1b2 {[%emt 0:00:28] Weighted Error Value: White=0.21 (precise) /Black=0.17 (very precise)} 1/2-1/2

[Event "5th Baskent University Open 2022"]
[Site "Ankara"]
[Date "2022.07.06"]
[Round "7.14"]
[White "Ipek, Egehan"]
[Black "Bicer, Atakan Mert"]
[Result "0-1"]
[ECO "D11"]
[WhiteElo "2196"]
[BlackElo "2368"]
[Annotator "TA"]
[PlyCount "164"]
[EventDate "2022.07.02"]
[EventType "swiss"]
[EventCountry "TUR"]
[SourceTitle "playchess.com"]
[Source "ChessBase"]
[SourceQuality "1"]
[TimeControl "5400+30"]

1. Nf3 Nf6 2. c4 c6 3. e3 d5 4. d4 Bg4 5. Qb3 Qb6 6. Nc3 e6 7. Nh4 {[%emt 0:00:00] D11: Slav Defence: 3 Nf3 sidelines and 3...Nf6 4 e3 Bg4.} Be7 8. h3 Bh5 9. g4 {[%emt 0:00:00] The position is equal.} Bg6 10. Nxg6 hxg6 11. Bg2 Nbd7 12. g5 Nh5 13. h4 O-O-O 14. Bd2 Kb8 15. O-O-O Qxb3 16. axb3 {[%emt 0:00:30] [#]} Nb6 $146 ({Predecessor:} 16... Bd6 17. Bh3 Bc7 18. Rhg1 Nb6 19. c5 Nc8 {½-½ (19) Pataki,G (2365)-Csonka,B (2232) Zalakaros 2011}) 17. c5 Nd7 18. b4 a6 19. e4 dxe4 20. Bxe4 Nf8 21. Ne2 Rd7 22. Be3 Bd8 23. Rh3 Bc7 24. f4 {[%emt 0:00:22] Inhibits e5.} Kc8 25. Kc2 Kd8 26. Rf1 Ke7 27. Nc1 f5 28. Bd3 e5 (28... Nh7 $16 {might work better.} 29. Bc4 Rc8) 29. dxe5 $18 (29. fxe5 $6 Ne6 $16) 29... Ne6 30. Ne2 Rhd8 31. Bc4 Nd4+ 32. Kc3 (32. Bxd4 $6 Rxd4 33. Rc3 (33. Nxd4 Rxd4 34. Kc3 Re4 $16) 33... Re4 $16) 32... Nb5+ 33. Bxb5 axb5 34. Bd4 Ra8 35. Rhh1 Rdd8 36. Ra1 Ke6 37. Kd3 Kd5 38. b3 Rxa1 39. Rxa1 {[%emt 0:00:30] Ra7 is the strong threat.} Bb8 {[%emt 0:00:30] Prevents Ra7.} 40. Ke3 Ke6 41. Bc3 Ke7 42. Ra8 Ke6 43. Be1 Ke7 44. Bf2 Rf8 45. Ra2 Rd8 46. Nd4 Rc8 47. Ne2 Rd8 48. Rd2 Rh8 49. Nd4 Bc7 50. Ra2 {[%emt 0:01:05] Strongly threatening Ra7.} Bb8 {[%emt 0:00:30] Inhibits Ra7.} 51. Nf3 Rd8 52. Rd2 Rh8 53. Be1 Bc7 54. Ra2 {[%emt 0:00:45] And now Ra7 would win.} Bb8 {[%emt 0:00:00] Prevents Ra7.} 55. Bf2 Rd8 56. Nd4 (56. Ra3 $18) 56... Rd5 $2 (56... Rh8 $11 {and Black stays safe.}) 57. Kf3 $2 {[%emt 0:00:25] [#]} ({White should play} 57. Ra8 $18 Rd8 58. Ne2) 57... Nxf4 $1 $17 {[%emt 0:01:33][%mdl 64] Remove Defender, Decoy} 58. Kxf4 Bxe5+ 59. Kf3 Bxd4 $15 {[%emt 0:00:00][%mdl 4096] Endgame KRB-KRB} 60. Bg3 (60. Bxd4 $142 Rxd4 61. Ra7) 60... Bc3 $17 61. Bd6+ Kf7 (61... Kd7 $19 {is more deadly. White must now prevent ...Rd4.} 62. Ra7 Ke6 63. Rxb7 Rd3+ 64. Ke2 Rd2+ 65. Ke3 Rb2) 62. Ra7 (62. Ra8 $17 {was the only defense.}) 62... Bxb4 $2 ({And not} 62... Rd3+ 63. Ke2 Rd2+ 64. Ke3 $17) (62... Ke6 $19 {aiming for ...Rd4.} 63. Rxb7 Rd3+ 64. Ke2 Rd2+ 65. Ke3 Rb2) 63. Rxb7+ $11 Kg8 64. Kf4 (64. h5 $11 Kh7 65. h6) 64... Rd4+ $17 ({But not} 64... Bxc5 $6 65. Bxc5 Rxc5 66. h5 $11) 65. Kf3 {[%emt 0:00:36][%cal Oh4h5] Threatens to win with h5!} Rxh4 66. Be5 Re4 ({Don't play} 66... Bxc5 $6 67. Rxg7+ Kf8 68. Rxg6 $11) (66... Rh3+ $17 67. Kg2 Rh7) 67. Bxg7 $2 (67. Bb2 $11 {and White is okay.}) 67... Bxc5 $19 68. Bf6 Bf8 {[%emt 0:00:16] Inhibits Rg7+.} 69. Rb6 Re6 70. Rb8 b4 71. Bd4 {[%emt 0:00:35] Hoping for Bc5.} Kf7 72. Rb7+ (72. Bf2 $142) 72... Ke8 73. Rb8+ Kf7 74. Rb7+ $1 Re7 75. Rb6 Rc7 76. Be5 {[%emt 0:00:58] [#]} Rc8 $1 77. Kf4 (77. Bf4 {was worth a try.}) 77... Ke6 {[%emt 0:00:09] Black is clearly winning.} 78. Rb7 Be7 79. Ra7 {[%emt 0:00:40] [#]} (79. Bf6 $142 Bxf6 80. gxf6 Kxf6 81. Rxb4) 79... Bxg5+ $1 80. Kxg5 (80. Kf3 Kxe5) 80... Kxe5 81. Kxg6 f4 82. Rf7 Rg8+ {[%emt 0:00:17] What a fight!  Weighted Error Value: White=0.23 (precise) /Black=0.11 (very precise)} 0-1

[Event "5th Baskent University Open 2022"]
[Site "Ankara"]
[Date "2022.07.06"]
[Round "7.15"]
[White "Unver, Cumali"]
[Black "Ozkan, Taha"]
[Result "1/2-1/2"]
[ECO "E01"]
[WhiteElo "2046"]
[BlackElo "2357"]
[Annotator "TA"]
[PlyCount "90"]
[EventDate "2022.07.02"]
[EventType "swiss"]
[EventCountry "TUR"]
[SourceTitle "playchess.com"]
[Source "ChessBase"]
[SourceQuality "1"]
[TimeControl "5400+30"]

1. d4 d5 2. c4 c6 3. Nf3 e6 4. Nbd2 Nf6 5. g3 Nbd7 6. Bg2 Bd6 7. O-O O-O 8. Qc2 e5 9. cxd5 cxd5 10. dxe5 Nxe5 11. Nxe5 Bxe5 12. Nf3 Bd6 13. Be3 {[%emt 0:01:00] E01: Catalan: Early deviations.} Re8 14. Bd4 {[%emt 0:00:30] [#]} Ne4 $146 ({Predecessor:} 14... Bd7 15. e3 Ne4 16. Rfd1 Rc8 17. Qb3 Qa5 18. Rdc1 b6 19. Qd1 Be6 20. a3 Qb5 {½-½ (47) Lahaye,R (2363)-Spoelman,W (2578) Netherlands 2017}) 15. Rac1 {[%emt 0:03:30] White is slightly better.} Qe7 16. Qb3 Be6 17. Rc2 a6 ({Black should try} 17... b6 $11) 18. Rfc1 $14 f6 19. a3 Qd7 20. Ne1 h5 21. h4 Bf7 22. Nd3 Re7 23. Qb6 Rae8 24. e3 Qf5 25. Nc5 (25. Nf4 $16 {aiming for Bxe4.} Bxf4 26. exf4) 25... Bxc5 26. Bxc5 Rd7 27. Bd4 Kh7 28. Qb4 Bg6 29. Qe1 Qe6 30. Qd1 Nd6 31. Rc7 Nc4 {[%emt 0:00:38] [#]} 32. Rxd7 Qxd7 {[%emt 0:00:01] [#]} 33. Bxf6 $1 {[%emt 0:04:08] Hoping for Rxc4. A strong pair of Bishops.} Nxe3 34. fxe3 gxf6 35. Qxd5 Qxd5 36. Bxd5 Rxe3 $16 {[%emt 0:01:04][%mdl 4096] Endgame KRB-KRB} 37. Kf2 Rd3 {[%emt 0:00:30] Strongly threatening ...Rd2+.} 38. Bxb7 Rb3 39. Bxa6 {[%emt 0:00:49] Threatens to win with Rc7+.} Rxb2+ 40. Be2 Bd3 $1 {[%emt 0:00:12] The position is equal.} 41. Rc7+ Kg6 (41... Kh6 $5 42. Re7 Ra2 $11) 42. Re7 Ra2 43. a4 Kf5 44. Kf3 Bxe2+ 45. Rxe2 Rxa4 {[%emt 0:00:22] Weighted Error Value: White=0.11 (very precise) /Black=0.10 (very precise)} 1/2-1/2

[Event "5th Baskent University Open 2022"]
[Site "Ankara"]
[Date "2022.07.06"]
[Round "7.16"]
[White "Primbetov, Kazbek"]
[Black "Yerden, Huseyin Eren"]
[Result "1-0"]
[ECO "A25"]
[WhiteElo "2147"]
[BlackElo "2050"]
[Annotator "TA"]
[PlyCount "73"]
[EventDate "2022.07.02"]
[EventType "swiss"]
[EventCountry "TUR"]
[SourceTitle "playchess.com"]
[Source "ChessBase"]
[SourceQuality "1"]
[TimeControl "5400+30"]

1. c4 e5 2. Nc3 Nc6 3. g3 g6 4. Bg2 Bg7 5. e3 d6 6. Nge2 Nge7 7. O-O O-O 8. d4 exd4 9. exd4 $1 {[%emt 0:00:00] The main line 9.exd4 scores better than 9.Nxd4.} Nf5 10. d5 {[%emt 0:04:30] A25: English Opening vs King's Indian with ...Nc6 but without early d3.} Ne5 11. b3 Re8 12. Bb2 {[%emt 0:09:30] The position is equal.} a6 13. Qd2 Rb8 14. Ne4 c5 15. h3 $1 f6 $2 (15... Qe7 $1 $14) 16. f4 $18 Nf7 {[%emt 0:03:30] [#]} 17. Rae1 $146 (17. g4 $18) ({Predecessor:} 17. Bc3 b5 18. cxb5 axb5 19. Qb2 b4 20. Nxf6+ Bxf6 21. Bxf6 Rxe2 22. Qxe2 Qxf6 23. Qe8+ {0-1 (32) Koskin,O-Dubinin,P Gorky 1965}) 17... b5 (17... h5 $16 {is a better defense.}) 18. g4 Nh4 19. N2g3 Bd7 20. g5 fxg5 21. Bxg7 {[%emt 0:00:50] White is more active.} Kxg7 22. fxg5 Bf5 23. Qf4 $1 $36 {[%emt 0:11:44][%mdl 2048] White is really pushing.} Nxg2 24. Kxg2 (24. Nxf5+ gxf5 25. Kxg2 fxe4 $16) 24... Re5 25. Nf6 (25. Nxf5+ $18 gxf5 26. Ng3) 25... Qe7 $2 (25... Nxg5 $2 26. Rxe5 (26. Nxf5+ Rxf5 27. Ne8+ Qxe8 $14) 26... Bxh3+ 27. Kg1 Bxf1 28. Ngh5+ gxh5 29. Qxg5+ Kh8 30. Re8+ Qxe8 31. Nxe8 Rxe8 32. Kxf1 $18) (25... Bd3 $1 $11 {and Black stays safe.} 26. Ng4 Bxf1+ 27. Rxf1 Rb7) 26. Nxf5+ gxf5 27. Rxe5 ({Much less strong is} 27. Qh4 h6 $18) 27... Qxe5 {[%emt 0:00:30] [#]} 28. Qh4 {[%emt 0:00:36] Dancing on a razor blade.} ({Worse is} 28. Qxf5 Qxf5 29. Rxf5 bxc4 $11) 28... Rh8 {[%emt 0:03:15] [#]} 29. Nh5+ $1 Kf8 30. Ng3 Rg8 31. Rxf5 Qg7 (31... Qe7 32. Ne4 Rg6) 32. Qe4 h6 33. Qe6 {[%emt 0:00:58][%csl LRd6,LRh6] Threatening mate with Qxd6+.} hxg5 34. Qxd6+ {[%emt 0:00:30] White mates.} Ke8 35. Qe6+ Kf8 36. d6 Rh8 37. Qc8# {[%emt 0:00:09] Weighted Error Value: White=0.19 (very precise) /Black=0.77} 1-0

[Event "5th Baskent University Open 2022"]
[Site "Ankara"]
[Date "2022.07.06"]
[Round "7.17"]
[White "Kocak, Can"]
[Black "Cakiroglu, Metin"]
[Result "1/2-1/2"]
[ECO "B68"]
[WhiteElo "2057"]
[BlackElo "2068"]
[Annotator "TA"]
[PlyCount "127"]
[EventDate "2022.07.02"]
[EventType "swiss"]
[EventCountry "TUR"]
[SourceTitle "playchess.com"]
[Source "ChessBase"]
[SourceQuality "1"]
[TimeControl "5400+30"]

1. e4 c5 2. Nf3 d6 3. d4 cxd4 4. Nxd4 Nf6 5. Nc3 Nc6 6. Bg5 e6 7. Qd2 a6 8. O-O-O Bd7 9. Kb1 Be7 10. f4 b5 {[%emt 0:03:30] B68: Sicilian: Richter-Rauzer: 7...a6 8 0-0-0 Bd7 9 f4 Be7 .} 11. Bxf6 Bxf6 12. Nxc6 Bxc6 13. Qxd6 Qxd6 14. Rxd6 Rc8 15. e5 Be7 16. Rd1 g5 {[%emt 0:00:30] [#]} (16... Bc5 $11) 17. a4 $146 ({Predecessor:} 17. fxg5 Bxg5 18. a4 b4 19. Bxa6 Ra8 20. Bb5 Bxb5 21. Nxb5 Rxa4 22. Nd4 Bf4 23. Nc6 {1-0 (62) Melerowicz,D (1825)-Starosciak,S (1921) Sypniewo 2022}) 17... Rb8 18. axb5 axb5 19. Bd3 gxf4 20. Be4 Bxe4 21. Nxe4 b4 22. Rhf1 Rb5 23. Nd6+ Bxd6 24. exd6 $11 {[%emt 0:00:30][%mdl 4096] Endgame KRR-KRR} e5 25. g3 fxg3 26. hxg3 O-O 27. Rf3 Rd8 28. Rb3 Rb6 {[%emt 0:01:30] The position is equal.} 29. c4 {[%emt 0:00:30] [#] Threatens to win with c5.} Rbxd6 30. Rxd6 Rxd6 31. Rxb4 {[%emt 0:00:00] KR-KR} Rd4 32. Rb8+ Kg7 33. Rc8 f5 34. b3 f4 35. gxf4 exf4 {[%emt 0:00:00] [#] White must now prevent ...f3.} 36. Kc2 f3 37. Ra8 Rf4 (37... f2 $5 38. Ra1 Rf4 $11) 38. Ra1 $1 f2 39. Rf1 Kf6 40. Kd3 {[%emt 0:00:30] And now Ke3 would win.} Rf3+ 41. Ke4 Rxb3 42. Rxf2+ Ke6 43. Rh2 Kd6 44. Kd4 Rg3 45. Rh6+ Rg6 46. Rxh7 Rg4+ 47. Kc3 Kc5 48. Rh5+ Kc6 49. Kb4 Kb6 50. Rh6+ Kc7 51. Kb5 Rg7 52. c5 Kb7 53. Rb6+ Ka7 54. Ra6+ Kb7 55. Rb6+ Kc7 56. Rf6 Kb7 57. Ra6 Rh7 58. c6+ Kb8 59. Kb6 Rb7+ 60. Kc5 Rh7 61. Ra4 Rh1 62. Rd4 Kc7 63. Rd7+ Kc8 64. Kd4 {[%emt 0:01:01] An interesting draw.  Weighted Error Value: White=0.03 (flawless) /Black=0.04 (flawless)} 1/2-1/2

[Event "5th Baskent University Open 2022"]
[Site "Ankara"]
[Date "2022.07.06"]
[Round "7.18"]
[White "Eke, Salih"]
[Black "Cansu, Batuhan"]
[Result "1/2-1/2"]
[ECO "D85"]
[WhiteElo "2195"]
[BlackElo "2083"]
[Annotator "TA"]
[PlyCount "102"]
[EventDate "2022.07.02"]
[EventType "swiss"]
[EventCountry "TUR"]
[SourceTitle "playchess.com"]
[Source "ChessBase"]
[SourceQuality "1"]
[TimeControl "5400+30"]

1. d4 Nf6 2. c4 g6 3. Nf3 Bg7 4. Nc3 d5 5. cxd5 Nxd5 6. e4 Nxc3 7. bxc3 c5 8. Be2 O-O 9. Rb1 cxd4 10. cxd4 Qa5+ 11. Bd2 Qxa2 12. O-O Bg4 13. Bg5 h6 14. Be3 Nd7 {[%emt 0:08:30] D85: Exchange Grünfeld: Unusual White 7th moves and lines with 7 Nf3.} 15. Rxb7 Rfb8 16. Rxb8+ (16. Rc7 $5 ) 16... Rxb8 17. h3 Bxf3 18. Bxf3 {[%emt 0:00:00] [#]} Nb6 $146 ({Predecessor:} 18... a5 19. Qc1 Qb3 20. Qc7 Qb5 21. e5 Rb6 22. d5 Rb8 23. d6 Nxe5 24. d7 Nxd7 25. Bc6 Be5 26. Bxb5 {1-0 (26) Miller,D (2017)-Anilkumar,A (1903) Hull 2018}) 19. Qb1 Qa4 20. Be2 Qd7 21. d5 h5 (21... Qa4 $14) 22. Rc1 Rc8 23. Rxc8+ Qxc8 24. Qb4 Qc7 25. g4 ({White should try} 25. f4 $16) 25... hxg4 $11 26. hxg4 Be5 27. Qb5 Kg7 28. Kg2 Bf4 29. Qb2+ f6 {[%emt 0:03:30] The position is equal.} 30. Bd4 Be5 31. g5 Bxd4 32. Qxd4 {[%emt 0:00:30][%mdl 4096] Endgame KQB-KQN} Qe5 33. gxf6+ exf6 34. Qe3 f5 35. Qa3 Nxd5 36. exd5 Qxe2 37. Qxa7+ {[%emt 0:00:00] KQ-KQ} Kf6 38. Qb6+ Kf7 39. Qc7+ Kf6 40. Qb6+ Kf7 41. Qc7+ Kf6 42. Qd8+ Kf7 43. Qd7+ Kf6 44. Qc6+ Kf7 45. Qb7+ Kf6 46. Qc6+ Kf7 47. Qa4 Kf6 48. Qd4+ Kf7 49. Kg3 g5 50. Qa7+ Kg6 51. Qd4 {[%emt 0:01:53] Inhibits Qe5+.} Kf7 {[%emt 0:00:30] Weighted Error Value: White=0.07 (flawless) /Black=0.06 (flawless)} 1/2-1/2